 Dungeon Sprint DCSS version 0.17-a0-1646-geb1493d (webtiles) character file.

987 nuthulu the Thrower (level 7, -3/78 HPs)
             Began as a Troll Hunter on Aug 10, 2015.
             Killed from afar by an electric eel (11 damage)
             ... with a bolt of electricity
             ... in the Dungeon (Sprint II: "The Violet Keep of Menkaure").
             The game lasted 00:02:44 (238 turns).

nuthulu the Thrower (Troll Hunter)                   Turns: 238, Time: 00:02:45

Health: -3/78      AC:  5    Str: 21    XL:     7   Next: 97%
Magic:  6/6        EV: 13    Int:  7    God:
Gold:   80         SH:  0    Dex: 12    Spells: 0 memorised, 6 levels left

rFire  . . .     SeeInvis .       - Unarmed
rCold  . . .     Clarity  .     d - +0 robe
rNeg   . . .     SustAt   .     (no shield)
rPois  .         Gourm    +     (helmet restricted)
rElec  .         Spirit   .     (no cloak)
rCorr  .         Warding  .     (gloves unavailable)
rMut   .         NoTele   +     (boots unavailable)
MR     .....                    (no amulet)
Stlth  +.........               (no ring)
                                (no ring)

@: flying, not resistant to hostile enchantments, very unstealthy
A: unfitting armour, claws 3, fast metabolism 3, gourmand, regeneration 2,
shaggy fur 1, tough skin 2
a: no special abilities


You were in the Dungeon.
You were not hungry.

You visited 1 branch You collected 729 gold pieces.
You spent 649 gold pieces at shops.

Inventory:

Missiles
 a - 5 large rocks (quivered)
 b - 2 throwing nets
Armour
 d - a +0 robe (worn)
Magical devices
 m - a wand of lightning (9)
Scrolls
 k - 2 scrolls of blinking
Potions
 c - a potion of flight
 f - a potion of curing
 g - 5 potions of heal wounds
 h - a potion of haste
 i - 2 potions of magic
 j - a potion of berserk rage
 l - a potion of might
Comestibles
 e - 2 bread rations


   Skills:
 + Level 7.5 Fighting
 + Level 8.9 Throwing
 + Level 7.5 Dodging
 - Level 0.4 Stealth
 + Level 8.7 Unarmed Combat


You had 6 spell levels left.
You didn't know any spells.

Dungeon Overview and Level Annotations

Branches:
Dungeon (1/1)

Altars:

Shops:
D !=:[!}[}:%=?}}!(

Annotations:
D exclusion: oklob plant


Innate Abilities, Weirdness & Mutations

You are too large for most types of armour.
You have claws for hands.
Your metabolism is lightning-fast.
You like to eat raw meat.
You heal very quickly.
You are covered in fur (AC +1).
You have very tough skin (AC +2).


Message History

The bolt of electricity hits you!
The electric eel shoots out a bolt of lightning at you!
The bolt of electricity misses you.
There is an open gate here.
You are standing in the rain.
The electric eel shoots out a bolt of lightning at you!
The bolt of electricity misses you.
The electric eel shoots out a bolt of lightning at you!
The bolt of electricity hits the electric eel.
The electric eel completely resists.
The bolt of electricity hits you!
* * * LOW HITPOINT WARNING * * *
The electric eel shoots out a bolt of lightning at you!
The bolt of electricity hits you!
* * * LOW HITPOINT WARNING * * *
The electric eel shoots out a bolt of lightning at you!
The bolt of electricity hits the electric eel.
The electric eel completely resists.
The bolt of electricity hits the electric eel.
The electric eel completely resists.
The bolt of electricity hits you!
You die...

********************** *,,,,* *
*,,,,,,+,,*∩∩,∩∩+,+,,***,,,,***
*,,,,,,*,,*******,****,,,,,,,,*
*+******+**,,####+####,,,,,,,,*
*∩∩∩∩∩∩*,,+,##§≈§§§§§#*⌠,,,,*+*
*∩∩∩∩∩∩*,,*##§§;≈;§;§§**,,,,*,,
*********,,+≈§§§≈§§;§§≈**++**,,
*,,,**,,,*###§;§§;§≈≈≈**≈,,,***
*,,,,*,,,,#≈##@;§;≈;≈#*,≈,,,,,*
############≈≈#'§§#+++#****,,,,*
###########≈≈≈.§§......*,,+,,,,*
##∩.......#≈≈≈≈.##+##..*,,****,*
##.∩.....∩#≈≈≈≈##...##.****,,+,*
##∩.∩...∩.#≈≈≈≈#..#..#,,,,*,,*,,
##.∩.∩.∩.∩#≈≈####.).##*#,,*****,
##..∩.∩.∩.#≈##.###'##*.##,,*,,+,
##...∩.∩..#≈#.#.##.##B..#,,*,,*,


You could see 9 electric eels.

Vanquished Creatures
  A siren (D)
  2 hippogriffs (D)
  Menkaure (D)
  4 brain worms (D)
8 creatures vanquished.

Notes
Turn   | Place    | Note
--------------------------------------------------------------
     0 | D        | nuthulu the Troll Hunter began the quest for the Orb.
     0 | D        | Reached XP level 1. HP: 19/19 MP: 0/0
     2 | D        | Noticed a hippogriff
     2 | D        | Noticed a hippogriff
     5 | D        | Noticed a siren
     9 | D        | Killed a siren
     9 | D        | Reached skill level 5 in Fighting
     9 | D        | Reached skill level 7 in Throwing
     9 | D        | Reached skill level 5 in Dodging
     9 | D        | Reached XP level 2. HP: 24/36 MP: 1/1
     9 | D        | Reached XP level 3. HP: 29/44 MP: 2/2
     9 | D        | Reached XP level 4. HP: 34/52 MP: 3/3
     9 | D        | Reached XP level 5. HP: 38/59 MP: 4/4
     9 | D        | Reached XP level 6. HP: 43/67 MP: 5/5
    57 | D        | Noticed a boulder beetle
    57 | D        | Noticed a boulder beetle
    60 | D        | Noticed a brain worm
    63 | D        | Killed a brain worm
    65 | D        | Noticed a brain worm
    65 | D        | Noticed a brain worm
    68 | D        | Killed a brain worm
    72 | D        | Killed a brain worm
    72 | D        | Reached XP level 7. HP: 70/76 MP: 6/6
    74 | D        | Noticed a brain worm
    79 | D        | Killed a brain worm
    79 | D        | Reached skill level 8 in Throwing
   134 | D        | Killed a hippogriff
   138 | D        | Killed a hippogriff
   155 | D        | Found Retwac's Gadget Shop.
   155 | D        | Found Ryogab's Food Boutique.
   155 | D        | Found Ubua's Antique Weapon Shop.
   155 | D        | Found Noolale's Jewellery Boutique.
   155 | D        | Found Ehahuv's Gadget Boutique.
   155 | D        | Found Luunwuby's Distillery.
   156 | D        | Found Zylitt's Magic Scroll Shop.
   156 | D        | Found Nauxiskunk's Book Boutique.
   156 | D        | Found Wumekk's Gadget Shop.
   157 | D        | Found Usajymn's Antique Armour Shop.
   157 | D        | Found Zifuloff's Gadget Boutique.
   159 | D        | Found Netaofe's Distillery.
   159 | D        | Found Plog's Antique Armour Shop.
   159 | D        | Noticed Menkaure
   159 | D        | Noticed a fire dragon
   159 | D        | Noticed an oklob plant
   160 | D        | Found Ziviot's Jewellery Shop.
   160 | D        | Found Wazon's Book Shoppe.
   160 | D        | Found Woikaa's Distillery.
   162 | D        | Noticed a griffon
   162 | D        | Noticed a griffon
   165 | D        | Noticed a hell hog
   165 | D        | Noticed a griffon
   173 | D        | Killed Menkaure
   193 | D        | Bought a potion of heal wounds for 65 gold pieces
   196 | D        | Bought a potion of flight for 30 gold pieces
   196 | D        | Bought a potion of heal wounds for 50 gold pieces
   203 | D        | Bought a potion of heal wounds for 70 gold pieces
   203 | D        | Bought a potion of heal wounds for 70 gold pieces
   203 | D        | Bought a potion of might for 56 gold pieces
   207 | D        | Bought a potion of flight for 42 gold pieces
   223 | D        | Bought a wand of lightning (9) for 156 gold pieces
   224 | D        | Bought a scroll of magic mapping for 35 gold pieces
   224 | D        | Bought a scroll of blinking for 75 gold pieces
   232 | D        | Noticed an electric eel
   236 | D        | Noticed an electric eel
   236 | D        | Noticed an electric eel
   236 | D        | Noticed an electric eel
   236 | D        | Noticed an electric eel
   236 | D        | Noticed an electric eel
   236 | D        | Noticed an electric eel
   236 | D        | Noticed an electric eel
   236 | D        | Noticed an electric eel
   238 | D        | Killed from afar by an electric eel

Vault maps used:
D:        the_violet_keep_of_menkaure

Action                   |  1- 3 |  4- 6 |  7- 9 || total
-------------------------+-------+-------+-------++-------
Melee: Unarmed           |       |     8 |     5 ||    13
Throw: Large rock        |     4 |     1 |     7 ||    12
  Use: Scroll            |       |       |     1 ||     1
       Potion            |       |       |     1 ||     1
